 Dungeon Crawl Stone Soup version 0.22.0-5-gf09313c (webtiles) character file.

83 Lew the Covered (level 4, -5/29 HPs)
             Began as a Gargoyle Fighter on Aug 13, 2018.
             Killed from afar by Natasha (6 damage)
             ... with a magic dart
             ... on level 3 of the Dungeon.
             The game lasted 00:05:57 (1701 turns).

Lew the Covered (Gargoyle Fighter)                  Turns: 1701, Time: 00:05:58

Health: -5/29      AC: 17    Str: 24    XL:     4   Next: 44%
Magic:  4/4        EV: 11    Int:  9    God:
Gold:   112        SH:  4    Dex: 10    Spells: 3/3 levels left

rFire    . . .     SeeInvis .   a - +0 war axe
rCold    . . .     Gourm    .   b - +0 buckler
rNeg     + . .     Faith    .   h - +4 ring mail
rPois    ∞         Spirit   .   (no helmet)
rElec    +         Reflect  .   (no cloak)
rCorr    .         Harm     .   k - +0 pair of gloves
MR       .....                  (no boots)
Stlth    ..........             (no amulet)
HPRegen  0.09/turn              (no ring)
MPRegen  0.09/turn              (no ring)

@: mighty, very slightly contaminated, slowed, invisible, very slow
A: big wings, thin metallic scales 1, negative energy resistance 1, shaggy fur
1, electricity resistance, unbreathing, petrification resistance, rot immunity,
AC +3
a: Fly


You were on level 3 of the Dungeon.
You were not hungry.

You visited 1 branch of the dungeon, and saw 3 of its levels.

You collected 112 gold pieces.

Inventory:

Hand Weapons
 a - a +0 war axe (weapon)
Armour
 b - a +0 buckler (worn)
 c - a +0 shield
 h - a +4 ring mail (worn)
 k - a +0 pair of gloves (worn)
Scrolls
 g - a scroll of enchant weapon {unknown}
 i - a scroll of identify {unknown}
 j - a scroll of fog {unknown}
Comestibles
 f - 3 rations


   Skills:
 + Level 3.8 Fighting
 + Level 2.6 Axes
 + Level 3.8 Armour
 * Level 1.0 Dodging
 + Level 3.8 Shields


You had 3 spell levels left.
You didn't know any spells.
Your spell library was empty.

Dungeon Overview and Level Annotations

Branches:
Dungeon (3/15)

Altars:
Kikubaaqudgha

Annotations:
D:3 Natasha


Innate Abilities, Weirdness & Mutations

You are resistant to torment.
Your stone body is resilient. (AC +3)
You are immune to poison.
You resist negative energy. (rN+)
You are resistant to electric shocks. (rElec)
You can survive without breathing.
You are immune to petrification.
You are immune to rotting.
Your large and strong wings let you fly indefinitely.
You are partially covered in thin metallic scales. (AC +2)
You are covered in fur. (AC +1)


Message History

* * * LOW HITPOINT WARNING * * *
You closely miss Natasha.
Natasha howls an incantation.
Natasha shimmers violently.
Natasha closely misses you. Natasha barely misses you.
You slash Natasha!
Natasha is heavily wounded.
The crimson imp disappears in a puff of smoke!
Natasha claws you.
* * * LOW HITPOINT WARNING * * *
Natasha closely misses you.
You barely miss Natasha.
Natasha is heavily wounded.
Natasha claws you but does no damage. Natasha claws you.
* * * LOW HITPOINT WARNING * * *
Okay, then.
You feel very mighty all of a sudden.
Natasha stares at you and mumbles some strange words.
The magic dart hits you!
You die...

#..5....#######
#####...##.##
#...(......)#
#####.((##.##
#...##... #
#...##.###.# ..
#..5##.###.#..#
#...##.#.....#
#†..##.#@#
#######...##.#h#.#
##.............g..#
.................##
#...............#
#######...#######
#...# #...# #...#


You could see Natasha and a hobgoblin.

Vanquished Creatures
  Robin (D:3)
  2 adders
  2 worms
  A leopard gecko (D:3)
  2 bat zombies (D:3)
  12 goblins
  6 hobgoblins
  3 kobolds
  A ball python (D:1)
  5 bats
  4 frilled lizards (D:1)
  8 rats
  A rat zombie (D:3)
48 creatures vanquished.

Notes
Turn   | Place    | Note
-------+----------+-------------------------------------------
     0 | D:1      | Lew the Gargoyle Fighter began the quest for the Orb.
     0 | D:1      | Reached XP level 1. HP: 14/14 MP: 1/1
   236 | D:1      | Reached XP level 2. HP: 19/19 MP: 2/2
   831 | D:2      | Gained mutation: You are partially covered in thin metallic scales. (AC +2) [potion of mutation]
   831 | D:2      | Gained mutation: You are covered in fur. (AC +1) [potion of mutation]
   831 | D:2      | Gained mutation: Your large and strong wings let you fly indefinitely. [potion of mutation]
   853 | D:2      | Reached XP level 3. HP: 19/23 MP: 3/3
  1527 | D:3      | Found an ancient bone altar of Kikubaaqudgha.
  1617 | D:3      | Reached XP level 4. HP: 28/29 MP: 4/4
  1649 | D:3      | Noticed Robin
  1650 | D:3      | Noticed Natasha
  1658 | D:3      | Killed Robin
  1661 | D:3      | Reached skill level 1 in Dodging
  1700 | D:3      | HP: 1/29 [Natasha (4)]
  1701 | D:3      | Killed from afar by Natasha

Skill      XL: |  1  2  3  4 |
---------------+-------------+-----
Axes           | 2 |  2.6
Dodging        | 1 |  1.0
Fighting       | |  3.8
Armour         | |  3.8
Shields        | |  3.8

Action                   |  1- 3 |  4- 6 || total
-------------------------+-------+-------++-------
Melee: War axe           |   119 |    21 ||   140
 Abil: Fly               |     2 |       ||     2
       Stop Flying       |     2 |       ||     2
  Use: Potion            |     4 |     2 ||     6
       Scroll            |     3 |       ||     3
  Eat: Ration            |     1 |       ||     1
Armor: Scale mail        |    11 |       ||    11
       Ring mail         |    58 |    24 ||    82
Dodge: Dodged            |    66 |    23 ||    89
Block: Shield            |    42 |       ||    42
       Buckler           |    13 |     8 ||    21
